 Dungeon Crawl Stone Soup version 0.25-a0-410-g53dbb631d1 (webtiles) character file.

Game seed: 17710853771618173933, levelgen mode: deterministic

2383 Eregion the Gouger (level 9, -1/40 HPs)
             Began as a Felid Berserker on Jan 13, 2020.
             Was a High Priest of Trog.
             Slain by an orc warrior
             ... wielding a +0 dire flail
              (18 damage)
             ... on level 9 of the Dungeon.
             The game lasted 00:39:18 (9955 turns).

Eregion the Gouger (Felid Berserker)                Turns: 9955, Time: 00:39:19

Health: -1/40      AC:  2    Str: 16    XL:     9   Next: 22%
Magic:  10/10      EV: 24    Int:  9    God:    Trog [*****.]
Gold:   313        SH:  0    Dex: 15    Spells: 8/8 levels left
                                        Lives:  0   Deaths: 2

rFire    . . .     SeeInvis +     - Unarmed
rCold    . . .     Gourm    .   (shield unavailable)
rNeg     . . .     Faith    .   (armour unavailable)
rPois    .         Spirit   .   (helmet unavailable)
rElec    .         Reflect  .   (cloak unavailable)
rCorr    .         Harm     .   (gloves unavailable)
MR       +....                  (boots unavailable)
Stlth    +++++.....             (no amulet)
HPRegen  0.13/turn              l - ring of stealth
MPRegen  0.12/turn              (no ring)

@: very slightly contaminated, quick
A: very small, no armour, no weapons or thrown items, stealth, claws 1, fangs 3,
see invisible, carnivore, speed 1, shaggy fur 2, slow metabolism 1, sharp paws
a: Berserk, Trog's Hand, Brothers in Arms, Renounce Religion


You were on level 9 of the Dungeon.
You worshipped Trog.
Trog was extremely pleased with you.
You were full.

You visited 1 branch of the dungeon, and saw 9 of its levels.
You also visited: Sewer.

You collected 313 gold pieces.

Inventory:

Armour
 i - a +0 animal skin
Jewellery
 l - a ring of stealth (left paw)
 u - a +4 ring of intelligence
 y - an uncursed ring of teleportation
Wands
 r - a wand of digging (10)
 s - a wand of iceblast (9)
 v - a wand of scattershot (6)
Scrolls
 c - a scroll of fog
 d - 2 scrolls of fear
 e - a scroll of immolation
 g - 6 scrolls of teleportation
 h - a scroll of enchant armour
 j - 2 scrolls of blinking
 k - 5 scrolls of identify
 o - a scroll of enchant weapon {unknown}
 q - a scroll of magic mapping
Potions
 b - a potion of brilliance
 f - 3 potions of flight
 m - 2 potions of degeneration {unknown}
 n - 2 potions of lignification
 p - 2 potions of cancellation {unknown}
 w - a potion of berserk rage
 B - 3 potions of might {unknown}
Comestibles
 a - 15 rations


   Skills:
 + Level 4.8 Fighting
 + Level 9.3 Dodging
 + Level 8.5 Stealth
 + Level 11.5 Unarmed Combat


You had 8 spell levels left.
You didn't know any spells.
Your spell library was empty.

Dungeon Overview and Level Annotations

Branches:
Dungeon (9/15)             Temple (0/1) D:7           Sewer (visited)
   Lair: D:8-11         Orc: D:9-12

Altars:
Cheibriados
Dithmenos
Fedhas
Kikubaaqudgha
Makhleb
Okawaru
Qazlal
Ru
Trog
Uskayaw
Vehumet
Wu Jian
Xom
Yredelemnul

Shops:
D:8 [(

Annotations:
D:9 Psyche


Innate Abilities, Weirdness & Mutations

You cannot wear armour.
You are incapable of wielding weapons or throwing items.
Your paws allow you to move quietly. (Stealth)
You have sharp claws.
You have razor-sharp teeth.
You have supernaturally acute eyesight. (SInv)
You are carnivorous and can eat meat at any time.
You cover ground quickly.
You are covered in thick fur. (AC +2)
You have a slow metabolism.
Your sharp claws are effective at attacking unaware monsters.


Message History

a +0 dagger; a +0 robe; an orc skeleton You see here a +0 trident.
Things that are here:
a +0 whip; a +0 leather armour
Found a stone staircase leading down.
You feel yourself speed up.
There is a stone staircase leading down here.
You open the door.
Found 16 gold pieces.
There is an open door here.
You recover from your berserk rage.
You see here 16 gold pieces.
Psyche the Insane Magess comes into view.
She is wielding a +2 dagger of chaos and carrying a wand of polymorph (6).
The orc warrior completely misses you.
You scratch the orc warrior.
The orc warrior is lightly wounded.
You scratch the orc warrior but do no damage.
The orc warrior is lightly wounded.
The orc warrior hits you with a +0 dire flail!!
You die...

..P.P..PP ÷P.....P.
###...# ...P....P
.....# .........
.....# ####+######
....####
..........#####......#
..............#......#
).)...........#.....#
))........>...'o@...#
###...........#.....#
..#############.....#
...........@........#
....................#
.....<..............#
......#######.......#
......# #.......#
......# #.......#


You could see an orc warrior.

Vanquished Creatures
  A gargoyle (D:6)
  2 hippogriffs
  A yak (D:9)
  Grum (D:8)
  A porcupine (D:9)
  2 orc warriors (D:6)
  A necrophage (D:6)
  A phantom (D:9)
  A sky beast (D:5)
  4 ogres
  4 centaurs
  2 wolves (D:8)
  2 big kobolds
  7 bullfrogs
  4 scorpions
  A water moccasin skeleton (D:5)
  A centaur zombie (D:5)
  3 crimson imps
  3 hounds
  8 orc priests
  10 orc wizards
  A centaur skeleton (D:6)
  2 iguanas
  6 worker ants
  2 hound skeletons
  8 adders
  2 river rats (Sewer)
  A shadow imp (D:8)
  An ooze (D:1)
  An adder skeleton (D:3)
  2 worms
  5 dart slugs
  7 leopard geckos
  51 orcs
  4 bats
  5 giant cockroaches
  5 goblins
  9 hobgoblins
  17 jackals
  3 quokkas
  A ball python (D:5)
  6 frilled lizards
  21 kobolds
  A leopard gecko skeleton (D:6)
  A quokka skeleton (D:5)
  11 rats
  A spectral orc (D:7)
  2 plants
236 creatures vanquished.

Vanquished Creatures (others)
  2 fungi (D:9)
2 creatures vanquished.

Grand Total: 238 creatures vanquished

Notes
Turn   | Place    | Note
-------+----------+-------------------------------------------
     0 | D:1      | Eregion the Felid Berserker began the quest for the Orb.
     0 | D:1      | Reached XP level 1. HP: 10/10 MP: 2/2
   140 | D:1      | Reached XP level 2. HP: 5/14 MP: 3/3
   680 | D:1      | Reached XP level 3. HP: 15/17 MP: 4/4
   704 | D:1      | Reached ** piety under Trog
  1163 | D:2      | Reached skill level 4 in Unarmed Combat
  1323 | D:2      | Reached skill level 1 in Stealth
  1323 | D:2      | Reached XP level 4. HP: 21/21 MP: 5/5
  1693 | D:3      | Reached skill level 5 in Dodging
  1693 | D:3      | Reached XP level 5. HP: 12/24 MP: 6/6
  1701 | D:3      | Reached *** piety under Trog
  1944 | D:3      | Reached skill level 5 in Unarmed Combat
  2029 | D:3      | Found a stormy altar of Qazlal.
  2177 | D:3      | Found a snail-covered altar of Cheibriados.
  3152 | D:4      | Found a glowing drain.
  3169 | Sewer    | Entered a sewer
  3174 | Sewer    | Gained mutation: You are covered in thick fur. (AC +2)
                  | [Felid growth]
  3174 | Sewer    | Reached XP level 6. HP: 28/28 MP: 7/7
  3246 | Sewer    | Reached **** piety under Trog
  3492 | Sewer    | Found a white marble altar of Elyvilon.
  3953 | D:4      | Reached skill level 6 in Unarmed Combat
  3995 | D:4      | HP: 2/42 [orc priest/divine providence (11)]
  4234 | D:4      | Reached XP level 7. HP: 26/31 MP: 8/8
  4958 | D:5      | Entered Level 5 of the Dungeon
  4970 | D:5      | Reached skill level 5 in Stealth
  5001 | D:5      | Reached skill level 7 in Unarmed Combat
  5331 | D:5      | Reached XP level 8. HP: 25/36 MP: 9/9
  5520 | D:5      | Found a bloodstained altar of Trog.
  5520 | D:5      | Found a shadowy altar of Dithmenos.
  5528 | D:5      | Found an ornate altar of the Wu Jian Council.
  5535 | D:5      | Found an ancient bone altar of Kikubaaqudgha.
  5537 | D:5      | Found a sacrificial altar of Ru.
  5597 | D:5      | Reached ***** piety under Trog
  5836 | D:6      | Found a burning altar of Makhleb.
  5854 | D:6      | Reached skill level 8 in Unarmed Combat
  5924 | D:6      | HP: 1/36 [orc warrior/+0 short sword (12)]
  5925 | D:6      | Slain by an orc warrior
  5926 | D:6      | Reached XP level 7. HP: -5/48 MP: 8/8
  5951 | D:6      | Found a hide-covered altar of Uskayaw.
  6416 | D:6      | Found a transporter.
  6416 | D:6      | Found a transporter.
  6425 | D:6      | Noticed a hippogriff
  6425 | D:6      | Noticed a gargoyle
  6425 | D:6      | Found a shimmering altar of Xom.
  6428 | D:6      | Reached XP level 8. HP: 36/36 MP: 9/9
  6430 | D:6      | Killed a hippogriff
  6430 | D:6      | Reached skill level 9 in Unarmed Combat
  6438 | D:6      | Killed a gargoyle
  6839 | D:6      | Reached skill level 10 in Unarmed Combat
  7093 | D:7      | Found a basalt altar of Yredelemnul.
  7265 | D:7      | Reached XP level 9. HP: 39/39 MP: 10/10
  7529 | D:7      | Found a radiant altar of Vehumet.
  7603 | D:7      | Found a blossoming altar of Fedhas.
  7619 | D:7      | Found a staircase to the Ecumenical Temple.
  8191 | D:8      | Found an iron altar of Okawaru.
  8761 | D:8      | Reached skill level 11 in Unarmed Combat
  8837 | D:8      | Found Ecoituh's Armour Emporium.
  8893 | D:8      | Noticed Grum
  8914 | D:8      | HP: 1/39 [wolf[Grum] (7)]
  8917 | D:8      | Mangled by Grum
  8918 | D:8      | Reached XP level 8. HP: -12/36 MP: 9/9
  8948 | D:8      | Killed Grum
  9279 | D:8      | Found Fedipn's Antique Weapon Shoppe.
  9838 | D:9      | Reached XP level 9. HP: 29/40 MP: 10/10
  9951 | D:9      | Noticed Psyche
  9955 | D:9      | Slain by an orc warrior

Levels and vault maps discovered:
D:1:      kennysheep_arrival_seaside, layout_basic
D:2:      layout_basic
D:3:      layout_basic, kennysheep_slug_shrine, grunt_qazlal_clouds
D:4:      layout_gridville, cheibrodos_sewer_entry_drain, first_ration,
          chequers_serial_rivers_room_b, st_stairs_6
D:5:      layout_basic, chequers_temple_overflow_minitemple,
          kennysheep_generic_room_7
D:6:      layout_loops_ring, gammafunk_temple_overflow_arena,
          eat_drink_and_be_merry_uskayaw, makhleb_blood_cavern_becter
D:7:      layout_basic, yredelemnul_forgotten_temple_becter,
          overflow_temple_1_default, minmay_temple_entry_overgrown,
          serial_curves, eino_curves_04, eino_curves_02, basic_altar
D:8:      layout_loops_corners, lemuel_round_altar, serial_shops, shop,
          kennysheep_mini, uniq_grum
D:9:      kennysheep_six_static_rooms, layout_irregular_city,
          grunt_lair_entry_orc_guard_hut, uniq_psyche

Skill      XL: |  1  2  3  4  5  6  7  8  9 |
---------------+----------------------------+-----
Unarmed Combat | 4 5 6 7 10 11 | 11.5
Stealth        | 1 2 4 5 7 8 |  8.5
Dodging        | 5 6 9 |  9.3
Fighting       | 4 |  4.8

Action                   |  1- 3 |  4- 6 |  7- 9 || total
-------------------------+-------+-------+-------++-------
Melee: Unarmed           |   138 |   224 |   360 ||   722
       Bite              |    18 |    16 |    39 ||    73
       Punch             |     1 |     5 |     9 ||    15
Invok: Berserk           |     4 |     6 |    17 ||    27
  Use: Scroll            |       |     2 |    13 ||    15
       Potion            |       |     9 |     2 ||    11
 Stab: Sleeping          |     2 |    10 |    12 ||    24
       Distracted        |       |       |     1 ||     1
  Eat: Chunk             |    11 |    13 |    28 ||    52
Armor: Skin              |    10 |    26 |    12 ||    48
Dodge: Dodged            |    82 |   178 |   344 ||   604

Table legend:
 A = Non-vault XP
 B = Vault XP
 C = Vault XP percentage of total XP
 D = Non-vault monster count
 E = Vault monster count
 F = Vault count percentage of total count
                 A         B        C        D         E       F
            +---------+---------+-------+---------+---------+-------
      Total |    4245 |    2105 |  33.1 |     206 |      28 |  12.0
            +---------+---------+-------+---------+---------+-------
        D:1 |      62 |       0 |   0.0 |      30 |       0 |   0.0
        D:2 |      91 |       0 |   0.0 |      26 |       0 |   0.0
        D:3 |     218 |       4 |   1.8 |      36 |       1 |   2.7
        D:4 |     462 |     125 |  21.3 |      31 |       3 |   8.8
        D:5 |     500 |      34 |   6.4 |      18 |       1 |   5.3
        D:6 |     913 |     957 |  51.2 |      26 |       6 |  18.8
        D:7 |     658 |       1 |   0.2 |      15 |       1 |   6.2
        D:8 |    1034 |     419 |  28.8 |      15 |       3 |  16.7
        D:9 |     307 |     426 |  58.1 |       9 |       3 |  25.0
      Sewer |       0 |     139 | 100.0 |       0 |      10 | 100.0
            +---------+---------+-------+---------+---------+-------
